TOP OF THE 1ST |
Greenville 84s batting - Pitching for Portland Evergreens : RHP Juan Ángel
|
Pitching: RHP Juan Ángel
|
|
Batting: RHB Roberto Escues
|
0-0: Fly out, F8 (Line Drive, 8LM)
|
Batting: SHB Jorge Barrios
|
0-0: DOUBLE (Line Drive, 9LD)
|
Batting: RHB Dani Serrano
|
0-0: Swinging Strike 0-1: Ball 1-1: Fly out, F9 (Flyball, 9S)
|
Batting: RHB Yoshihito Saikawa
|
0-0: Reached on error, E5 (Groundball, 56S) Jorge Barrios to third
|
Batting: RHB Juan García
|
0-0: Called Strike 0-1: Foul Ball, location: 2F 0-2: Fly out, F7 (Flyball, 7)
|
Top of the 1st over - 0 run(s), 1 hit(s), 1 error(s), 2 left on base; Greenville 0 - Portland 0 |
BOTTOM OF THE 1ST |
Portland Evergreens batting - Pitching for Greenville 84s : RHP Eric Matson
|
Pitching: RHP Eric Matson
|
|
Batting: RHB Silvio Bonauiti
|
0-0: Called Strike 0-1: Foul Ball, location: 2F 0-2: Foul Ball, location: 2F 0-2: Fly out, F7 (Flyball, 78M)
|
Batting: LHB Gabriel Díaz
|
0-0: Fly out, F7 (Flyball, 7)
|
Batting: LHB John Ennis
|
0-0: Foul Ball, location: 2F 0-1: Ball 1-1: Called Strike 1-2: Foul Ball, location: 2F 1-2: Fly out, F8 (Flyball, 8RM)
|
Bottom of the 1st over - 0 run(s), 0 hit(s), 0 error(s), 0 left on base; Greenville 0 - Portland 0 |
TOP OF THE 2ND |
Greenville 84s batting - Pitching for Portland Evergreens : RHP Juan Ángel
|
Batting: SHB Francisco Reyes
|
0-0: Swinging Strike 0-1: Fly out, F7 (Flyball, 7)
|
Batting: RHB Rodrigo Lugo
|
0-0: Ball 1-0: Ball 2-0: Called Strike 2-1: Foul Ball, location: 2F 2-2: Fly out, F9 (Flyball, 9)
|
Batting: RHB Pablo Marrero
|
0-0: Swinging Strike 0-1: Ground out 5-3 (Groundball, 5S)
|
Top of the 2nd over - 0 run(s), 0 hit(s), 0 error(s), 0 left on base; Greenville 0 - Portland 0 |
BOTTOM OF THE 2ND |
Portland Evergreens batting - Pitching for Greenville 84s : RHP Eric Matson
|
Batting: SHB Chris Williamson
|
0-0: Ball 1-0: Ball 2-0: Foul Ball, location: 2F 2-1: Ball 3-1: Called Strike 3-2: Base on Balls
|
Batting: LHB Shang-de Zhang
|
0-0: Ball 1-0: Ball 2-0: Foul Ball, location: 2F 2-1: Fly out, F2 (Popup, 15)
|
Batting: RHB Darrell Terwey
|
0-0: Foul Ball, location: 2F 0-1: Called Strike Chris Williamson steals 2nd base 0-2: Ball 1-2: Foul Ball, location: 2F 1-2: SINGLE (Groundball, 56D) Chris Williamson to third Runner from 3rd tries for Home, throw and OUT!
|
Batting: LHB Joram Nelen
|
0-0: Swinging Strike 0-1: Ball 1-1: Swinging Strike 1-2: Strikes out swinging
|
Bottom of the 2nd over - 0 run(s), 1 hit(s), 0 error(s), 1 left on base; Greenville 0 - Portland 0 |
TOP OF THE 3RD |
Greenville 84s batting - Pitching for Portland Evergreens : RHP Juan Ángel
|
Batting: RHB Joe Craig
|
0-0: Ball 1-0: Called Strike 1-1: SOLO HOME RUN (Flyball, 89XD), Distance : 409 ft
|
Batting: RHB Roberto Escues
|
0-0: Ball 1-0: Called Strike 1-1: Ball 2-1: Foul Ball, location: 2F 2-2: SINGLE (Flyball, 9LS)
|
Batting: SHB Jorge Barrios
|
0-0: Ball 1-0: Ball 2-0: Ball 3-0: Called Strike 3-1: Called Strike 3-2: Foul Ball, location: 2F 3-2: Foul Ball, location: 2F 3-2: DOUBLE (Line Drive, 9D) Roberto Escues to third Runner from 3rd tries for Home, throw and OUT! Jorge Barrios to third
|
Batting: RHB Dani Serrano
|
0-0: Ball 1-0: Called Strike 1-1: Ball 2-1: Foul Ball, location: 2F 2-2: Ground out 5-3 (Groundball, 5S)
|
Batting: RHB Yoshihito Saikawa
|
0-0: Foul Ball, location: 2F 0-1: Called Strike 0-2: Ball 1-2: Strikes out swinging
|
Top of the 3rd over - 1 run(s), 3 hit(s), 0 error(s), 1 left on base; Greenville 1 - Portland 0 |
BOTTOM OF THE 3RD |
Portland Evergreens batting - Pitching for Greenville 84s : RHP Eric Matson
|
Batting: SHB Eddie Ménard
|
0-0: Ball 1-0: Called Strike 1-1: Swinging Strike 1-2: Foul Ball, location: 2F 1-2: Ball 2-2: Ball 3-2: Foul Ball, location: 2F 3-2: Strikes out swinging
|
Batting: RHB Raúl Delgado
|
0-0: SINGLE (Groundball, 34D)
|
Batting: RHB Silvio Bonauiti
|
0-0: Called Strike 0-1: Ball 1-1: Ball 2-1: Fly out, F8 (Flyball, 78S)
|
Batting: LHB Gabriel Díaz
|
0-0: Ball 1-0: SINGLE (Groundball, 6D) Raúl Delgado to second
|
Batting: LHB John Ennis
|
0-0: Foul Ball, location: 2F 0-1: Foul Ball, location: 2F 0-2: Ball 1-2: Ball 2-2: Foul Ball, location: 2F 2-2: Fielders Choice at 2nd, 4-6 (Groundball, 4)
|
Bottom of the 3rd over - 0 run(s), 2 hit(s), 0 error(s), 1 left on base; Greenville 1 - Portland 0 |
TOP OF THE 4TH |
Greenville 84s batting - Pitching for Portland Evergreens : RHP Juan Ángel
|
Batting: RHB Juan García
|
0-0: Ball 1-0: Foul Ball, location: 2F 1-1: SINGLE (Flyball, 8RS)
|
Batting: SHB Francisco Reyes
|
0-0: Called Strike 0-1: Fielders Choice at 2nd, 6-4 (Groundball, 56)
|
Batting: RHB Rodrigo Lugo
|
0-0: Fly out, F8 (Flyball, 8LD)
|
Batting: RHB Pablo Marrero
|
0-0: Ball 1-0: Foul Ball, location: 2F 1-1: Ball 2-1: Fly out, F4 (Popup, 34)
|
Top of the 4th over - 0 run(s), 1 hit(s), 0 error(s), 1 left on base; Greenville 1 - Portland 0 |
BOTTOM OF THE 4TH |
Portland Evergreens batting - Pitching for Greenville 84s : RHP Eric Matson
|
Batting: SHB Chris Williamson
|
0-0: Ball 1-0: Swinging Strike 1-1: Foul Ball, location: 2F 1-2: Ball 2-2: Ground out 4-3 (Groundball, 34)
|
Batting: LHB Shang-de Zhang
|
0-0: Ball 1-0: Called Strike 1-1: Ball 2-1: Called Strike 2-2: Strikes out swinging
|
Batting: RHB Darrell Terwey
|
0-0: Ball 1-0: Ball 2-0: Ball 3-0: Base on Balls
|
Batting: LHB Joram Nelen
|
0-0: Ball 1-0: Ball 2-0: Fly out, F7 (Flyball, 78S)
|
Bottom of the 4th over - 0 run(s), 0 hit(s), 0 error(s), 1 left on base; Greenville 1 - Portland 0 |
TOP OF THE 5TH |
Greenville 84s batting - Pitching for Portland Evergreens : RHP Juan Ángel
|
Batting: RHB Joe Craig
|
0-0: DOUBLE (Flyball, 89D)
|
Batting: RHB Roberto Escues
|
0-0: Ground out 6-3 (Groundball, 56)
|
Batting: SHB Jorge Barrios
|
0-0: Intentional Walk
|
Batting: RHB Dani Serrano
|
0-0: Ball 1-0: Swinging Strike 1-1: Ball 2-1: Foul Ball, location: 2F 2-2: Ball 3-2: Fly out, F9 (Flyball, 9S)
|
Batting: RHB Yoshihito Saikawa
|
0-0: Ball 1-0: Foul Ball, location: 2F 1-1: Foul Ball, location: 2F 1-2: Foul Ball, location: 2F 1-2: Strikes out looking
|
Top of the 5th over - 0 run(s), 1 hit(s), 0 error(s), 2 left on base; Greenville 1 - Portland 0 |
BOTTOM OF THE 5TH |
Portland Evergreens batting - Pitching for Greenville 84s : RHP Eric Matson
|
Batting: SHB Eddie Ménard
|
0-0: Called Strike 0-1: Ball 1-1: SINGLE (Flyball, 78S)
|
Batting: RHB Raúl Delgado
|
0-0: Bunted foul 0-1: Called Strike Eddie Ménard steals 2nd base 0-2: Foul Ball, location: 2F 0-2: Ball 1-2: Foul Ball, location: 2F 1-2: Ball 2-2: Ball 3-2: Base on Balls
|
Batting: RHB Silvio Bonauiti
|
0-0: Bunted foul 0-1: Ball 1-1: Reached on error, E1 (Groundball, 15S) Eddie Ménard scores Raúl Delgado to third
|
Batting: LHB Gabriel Díaz
|
0-0: Ball 1-0: Ball 2-0: Called Strike 2-1: Called Strike 2-2: Strikes out swinging
|
Pitching: RHP Wing-tat Ke
|
|
Batting: LHB John Ennis
|
0-0: Ball 1-0: Ball 2-0: Foul Ball, location: 2F 2-1: Ball 3-1: Called Strike 3-2: Base on Balls
|
Batting: SHB Chris Williamson
|
0-0: Swinging Strike 0-1: Swinging Strike 0-2: Foul Ball, location: 2F 0-2: Ball 1-2: Strikes out swinging
|
Batting: LHB Shang-de Zhang
|
0-0: Foul Ball, location: 2F 0-1: Ball 1-1: Ball 2-1: Foul Ball, location: 2F 2-2: Ball 3-2: Foul Ball, location: 2F 3-2: Foul Ball, location: 2F 3-2: Base on Balls Raúl Delgado scores Silvio Bonauiti to third John Ennis to second
|
Batting: RHB Darrell Terwey
|
0-0: Called Strike 0-1: Foul Ball, location: 2F 0-2: Foul Ball, location: 2F 0-2: Ball 1-2: Fielders Choice at 2nd, 6-4 (Groundball, 6)
|
Bottom of the 5th over - 2 run(s), 1 hit(s), 1 error(s), 2 left on base; Greenville 1 - Portland 2 |
TOP OF THE 6TH |
Greenville 84s batting - Pitching for Portland Evergreens : RHP Juan Ángel
|
Batting: RHB Juan García
|
0-0: Ball 1-0: Called Strike 1-1: Foul Ball, location: 2F 1-2: Foul Ball, location: 2F 1-2: Fly out, F8 (Flyball, 8LXD)
|
Batting: SHB Francisco Reyes
|
0-0: Called Strike 0-1: Swinging Strike 0-2: Strikes out swinging
|
Batting: RHB Rodrigo Lugo
|
0-0: Ground out 4-3 (Groundball, 4)
|
Top of the 6th over - 0 run(s), 0 hit(s), 0 error(s), 0 left on base; Greenville 1 - Portland 2 |
BOTTOM OF THE 6TH |
Portland Evergreens batting - Pitching for Greenville 84s : RHP Wing-tat Ke
|
Batting: LHB Joram Nelen
|
0-0: Ball 1-0: Foul Ball, location: 2F 1-1: Fly out, F7 (Flyball, 7S)
|
Batting: SHB Eddie Ménard
|
0-0: Called Strike 0-1: Called Strike 0-2: Ball 1-2: Fly out, F8 (Flyball, 8RM)
|
Batting: RHB Raúl Delgado
|
0-0: Ball 1-0: Foul Ball, location: 2F 1-1: Called Strike 1-2: Ball 2-2: Ground out 6-3 (Groundball, 6)
|
Bottom of the 6th over - 0 run(s), 0 hit(s), 0 error(s), 0 left on base; Greenville 1 - Portland 2 |
TOP OF THE 7TH |
Greenville 84s batting - Pitching for Portland Evergreens : RHP Juan Ángel
|
Batting: RHB Pablo Marrero
|
0-0: Called Strike 0-1: Swinging Strike 0-2: Strikes out swinging, 2-3 out at first.
|
Batting: RHB Joe Craig
|
0-0: Ball 1-0: Ball 2-0: SOLO HOME RUN (Flyball, 78XD), Distance : 406 ft
|
Batting: RHB Roberto Escues
|
0-0: Ball 1-0: Ball 2-0: Called Strike 2-1: Foul Ball, location: 2F 2-2: Ball 3-2: Foul Ball, location: 2F 3-2: Base on Balls
|
Batting: SHB Jorge Barrios
|
0-0: Ball 1-0: Ball 2-0: Swinging Strike 2-1: Fielders Choice at 2nd, 6-4 (Groundball, 6)
|
Batting: RHB Dani Serrano
|
0-0: Ball 1-0: DOUBLE (Line Drive, 7D) Jorge Barrios to third
|
Batting: RHB Yoshihito Saikawa
|
0-0: Swinging Strike 0-1: Ball 1-1: Ball 2-1: Swinging Strike 2-2: Ball 3-2: Foul Ball, location: 2F 3-2: Ground out 5-3 (Groundball, 56)
|
Top of the 7th over - 1 run(s), 2 hit(s), 0 error(s), 2 left on base; Greenville 2 - Portland 2 |
BOTTOM OF THE 7TH |
Portland Evergreens batting - Pitching for Greenville 84s : RHP Wing-tat Ke
|
Batting: RHB Silvio Bonauiti
|
0-0: Ball 1-0: Swinging Strike 1-1: Foul Ball, location: 2F 1-2: Ball 2-2: Ball 3-2: Ground out 6-3 (Groundball, 56)
|
Batting: LHB Gabriel Díaz
|
0-0: Ball 1-0: Called Strike 1-1: Called Strike 1-2: Ball 2-2: Ground out 4-3 (Groundball, 4M)
|
Batting: LHB John Ennis
|
0-0: Ball 1-0: Foul Ball, location: 2F 1-1: Swinging Strike 1-2: Fly out, F8 (Flyball, 8LS)
|
Bottom of the 7th over - 0 run(s), 0 hit(s), 0 error(s), 0 left on base; Greenville 2 - Portland 2 |
TOP OF THE 8TH |
Greenville 84s batting - Pitching for Portland Evergreens : RHP Juan Ángel
|
Batting: RHB Juan García
|
0-0: Ball 1-0: Foul Ball, location: 2F 1-1: Foul Ball, location: 2F 1-2: Ball 2-2: Ball 3-2: Base on Balls
|
Pitching: RHP Bob Weatherall
|
|
Batting: SHB Francisco Reyes
|
0-0: Called Strike 0-1: Bunt missed! 0-2: Ball 1-2: Ball 2-2: Grounds into double play, 4-6-3 (Groundball, 4M)
|
Batting: RHB Rodrigo Lugo
|
0-0: Ball 1-0: DOUBLE (Line Drive, 7LD)
|
Batting: RHB Pablo Marrero
|
0-0: Intentional Walk
|
Batting: RHB Joe Craig
|
0-0: Ball 1-0: Ball 2-0: Called Strike 2-1: Swinging Strike 2-2: Foul Ball, location: 2F 2-2: Ball 3-2: Foul Ball, location: 2F 3-2: Foul Ball, location: 2F 3-2: Base on Balls Rodrigo Lugo to third Pablo Marrero to second
|
Batting: RHB Roberto Escues
|
0-0: Ball 1-0: Foul Ball, location: 2F 1-1: Called Strike 1-2: Ball 2-2: Foul Ball, location: 2F 2-2: SINGLE (Line Drive, 6MD) Rodrigo Lugo scores Pablo Marrero to third Joe Craig to second Runner from 3rd tries for Home, SAFE, no throw
|
Batting: SHB Jorge Barrios
|
0-0: Foul Ball, location: 2F 0-1: Ball 1-1: Called Strike 1-2: Ball 2-2: Foul Ball, location: 2F 2-2: Foul Ball, location: 2F 2-2: Ball 3-2: Foul Ball, location: 2F 3-2: Ground out U3 (Groundball, 3)
|
Top of the 8th over - 2 run(s), 2 hit(s), 0 error(s), 2 left on base; Greenville 4 - Portland 2 |
BOTTOM OF THE 8TH |
Portland Evergreens batting - Pitching for Greenville 84s : RHP Wing-tat Ke
|
Pitching: LHP José Rico
|
|
Batting: SHB Chris Williamson
|
0-0: Called Strike 0-1: Swinging Strike 0-2: Fly out, F9 (Flyball, 9LM)
|
Batting: LHB Shang-de Zhang
|
0-0: Called Strike 0-1: Ball 1-1: Called Strike 1-2: Ground out 4-3 (Groundball, 4D)
|
Batting: RHB Darrell Terwey
|
0-0: Ball 1-0: Called Strike 1-1: Ball 2-1: Ball 3-1: Base on Balls
|
Pitching: RHP Esteban González
|
|
Batting: LHB Joram Nelen
|
0-0: Ball 1-0: Fielders Choice at 2nd, 4-6 (Groundball, 4)
|
Bottom of the 8th over - 0 run(s), 0 hit(s), 0 error(s), 0 left on base; Greenville 4 - Portland 2 |
TOP OF THE 9TH |
Greenville 84s batting - Pitching for Portland Evergreens : RHP Bob Weatherall
|
Pitching: RHP Fernando Ramírez
|
|
Batting: RHB Dani Serrano
|
0-0: Swinging Strike 0-1: Ball 1-1: Ground out 5-3 (Groundball, 5S)
|
Batting: RHB Yoshihito Saikawa
|
0-0: Ball 1-0: Foul Ball, location: 2F 1-1: Fly out, F5 (Popup, 56)
|
Batting: RHB Juan García
|
0-0: Ball 1-0: Ball 2-0: Ball 3-0: Called Strike 3-1: Foul Ball, location: 2F 3-2: Strikes out swinging
|
Top of the 9th over - 0 run(s), 0 hit(s), 0 error(s), 0 left on base; Greenville 4 - Portland 2 |
BOTTOM OF THE 9TH |
Portland Evergreens batting - Pitching for Greenville 84s : RHP Esteban González
|
Pitching: RHP Colijn de Goedere
|
|
Batting: SHB Eddie Ménard
|
0-0: Ball 1-0: Ball 2-0: Fly out, F7 (Line Drive, 7D)
|
Batting: RHB Raúl Delgado
|
0-0: Ball 1-0: Called Strike 1-1: Called Strike 1-2: Ball 2-2: Ball 3-2: Foul Ball, location: 2F 3-2: Foul Ball, location: 2F 3-2: Base on Balls
|
Batting: RHB Silvio Bonauiti
|
0-0: Ball 1-0: Ball 2-0: Ball 3-0: Called Strike 3-1: Swinging Strike 3-2: Foul Ball, location: 2F 3-2: Foul Ball, location: 2F 3-2: Fly out, F9 (Flyball, 9S)
|
Batting: LHB Gabriel Díaz
|
0-0: Called Strike 0-1: Fielders Choice at 2nd, 4-6 (Groundball, 4)
|
Bottom of the 9th over - 0 run(s), 0 hit(s), 0 error(s), 0 left on base; Greenville 4 - Portland 2 |
|